[Event "Titled Tuesday Blitz July 26 Early 2022"]
[White "Begmuratov, Khumoyun"]
[Black "Przybylski, Wojciech"]
[WhiteFideId "14210207"]
[BlackFideId "1117599"]
[WhiteElo "1978"]
[BlackElo "2133"]
[Result "1-0"]
[Round "04"]
[TimeControl "180+1"]
[Date "2022.07.27"]
[WhiteClock "0:00:09"]
[BlackClock "0:00:08"]

1. e4 c5 2. c3 e5 3. Nf3 Nc6 4. Bb5 d6 5. d4 cxd4 6. cxd4 Bd7 7. Nc3 Nf6 8. dxe5 dxe5 9. O-O Be7 10. Bg5 O-O 11. Bxf6 Bxf6 12. Nd5 Bg4 13. h3 Bh5 14. Be2 Bg6 15. Qa4 Nd4 16. Nxd4 exd4 17. Bd3 b5 18. Qc2 Rc8 19. Qd2 Re8 20. Rae1 a6 21. f4 h6 22. Nxf6+ Qxf6 23. e5 Qb6 24. f5 Bh7 25. f6 Bxd3 26. Qxd3 g6 27. Re4 Re6 28. Rh4 Rxe5 29. Rxh6 Rg5 30. Rh4 Qc6 31. Qd2 Qd5 32. Rg4 Rxg4 33. hxg4 d3 34. Qh6 Qc5+ 35. Kh1 Qf8 36. Qd2 Qd6 37. Re1 Qxf6 38. g5 Qd4 39. Rf1 Rd8 40. Rf4 Qe5 41. Rf2 Qe4 42. Kg1 Qg4 43. Rf1 Qe2 44. Qf4 Qe6 45. Rd1 Qd5 46. Rd2 Rd6 47. Kh2 Qd4 48. Qf3 Qe5+ 49. g3 Qf5 50. Qe3 Rd8 51. Kg2 Qd5+ 52. Kg1 Qd4 53. Kf2 Qxe3+ 54. Kxe3 Rd5 55. Rxd3 Rxg5 56. Kf4 Rf5+ 57. Ke4 Rf6 58. b3 Re6+ 59. Kf4 Kg7 60. g4 Rf6+ 61. Kg5 Rc6 62. Rd4 Rc5+ 63. Kf4 g5+ 64. Ke4 Rc6 65. a4 Rf6 66. axb5 axb5 67. Ke5 Kg6 68. Rb4 Rb6 69. Kd5 Kf6 70. Kc5 Rb8 71. Rxb5 Rxb5+ 72. Kxb5 Ke5 73. Kc6 f5 74. b4 fxg4 75. b5 g3 76. b6 Kf4 77. b7 Kf3 78. b8=Q g2 79. Qb6 g4 80. Qg1 g3 81. Kd5 Kg4 82. Qxg2 Kf4 83. Kd4 Kg4 84. Ke4 Kh4 85. Kf4 Kh5 86. Qxg3 Kh6 87. Qg8 Kh5 88. Qh7# 1-0


[Site "https://www.chess.com"]

[Event "Titled Tuesday Blitz July 26 Early 2022"]
[White "Bortnyk, Olexandr"]
[Black "Mardov, Dimitar"]
[WhiteFideId "14120828"]
[BlackFideId "30919495"]
[WhiteElo "2723"]
[BlackElo "2185"]
[Result "1-0"]
[Round "04"]
[TimeControl "180+1"]
[Date "2022.07.26"]
[WhiteClock "0:00:50"]
[BlackClock "0:00:11"]

1. d4 Nf6 2. Nc3 d5 3. Bf4 e6 4. Nb5 Na6 5. e3 c6 6. Nc3 Qb6 7. a3 Bd7 8. b4 Be7 9. Nf3 O-O 10. Ne5 Qd8 11. Bd3 Nc7 12. Qf3 a5 13. Rb1 axb4 14. axb4 Nce8 15. Qh3 g6 16. Bh6 Ng7 17. O-O Re8 18. g4 Bc8 19. Qf3 Rf8 20. b5 c5 21. dxc5 Nd7 22. Nxd7 Bxd7 23. e4 d4 24. Ne2 e5 25. Qg3 f6 26. f4 exf4 27. Nxf4 Bxc5 28. Bc4+ Kh8 29. Nxg6+ hxg6 30. Qh4 Be6 31. Bxe6 d3+ 32. Be3+ Nh5 33. Bxc5 f5 34. Qxd8 1-0


[Site "https://www.chess.com"]

[Event "Titled Tuesday Blitz July 26 Early 2022"]
[White "Castaneda, Jhon David"]
[Black "Svane, Frederik"]
[WhiteFideId "4405048"]
[BlackFideId "12923044"]
[WhiteElo "2152"]
[BlackElo "2459"]
[Result "0-1"]
[Round "04"]
[TimeControl "180+1"]
[Date "2022.07.26"]
[WhiteClock "0:00:02"]
[BlackClock "0:00:08"]

1. d4 Nf6 2. Nf3 e6 3. c4 d5 4. Nc3 a6 5. c5 Nc6 6. Bf4 Nh5 7. Bg5 f6 8. Bd2 g6 9. e3 Be7 10. Qb3 f5 11. g3 Nf6 12. Bg2 Ne4 13. Qc2 O-O 14. a3 Bf6 15. Rd1 e5 16. dxe5 Nxe5 17. Nxe5 Bxe5 18. O-O c6 19. b4 Nxd2 20. Rxd2 Qf6 21. Ne2 Be6 22. Nd4 Bf7 23. a4 h5 24. h4 Kh8 25. Qd3 Rg8 26. Nf3 Bc7 27. Rb1 Rge8 28. Ng5 Bg8 29. b5 axb5 30. axb5 Ra1 31. Rdd1 Rea8 32. bxc6 bxc6 33. Kh2 Rxb1 34. Rxb1 Rb8 35. Rxb8 Bxb8 36. Qb3 Qd8 37. Qb7 Qc7 38. Qb3 Kg7 39. Qc3+ Qe5 40. Qb4 Qc7 41. Qd4+ Qe5 42. Qb4 Bf7 43. Qb7 Qc7 44. Qb4 Kf8 45. Qd4 Qe5 46. Qb4 Bc7 47. Qb7 Be8 48. Qc8 Ke7 49. Qb7 Kd8 50. Qa8+ Bb8 51. Qb7 Bc7 52. Qa8+ Ke7 53. Qb7 Bd7 54. Qa7 Bd8 55. Nf3 Qc7 56. Qa4 Kf7 57. Qd4 Bf6 58. Qd3 Qa7 59. Qc2 Ke7 60. Nd4 Qa5 61. Qc1 Qb4 62. Nf3 Ke8 63. Qc2 Be7 64. Nd4 Qxc5 65. Qd1 Qd6 66. Nf3 Bf6 67. Qc2 c5 68. Qb3 c4 69. Qb7 Qc6 70. Qb8+ Ke7 71. Qg8 Be8 72. Qh7+ Bf7 73. Ng5 Bxg5 74. hxg5 c3 75. Qh8 c2 76. Qe5+ Kd7 77. Qe4 dxe4 0-1


[Site "https://www.chess.com"]

[Event "Titled Tuesday Blitz July 26 Early 2022"]
[White "Chigaev, Maksim"]
[Black "Sychev, Klementy"]
[WhiteFideId "4108116"]
[BlackFideId "4114060"]
[WhiteElo "2438"]
[BlackElo "2564"]
[Result "1-0"]
[Round "04"]
[TimeControl "180+1"]
[Date "2022.07.26"]
[WhiteClock "0:01:13"]
[BlackClock "0:00:55"]

1. Nf3 e6 2. g3 b5 3. Bg2 Bb7 4. O-O Nf6 5. d3 Be7 6. a4 b4 7. e4 d5 8. Nbd2 O-O 9. Re1 c5 10. e5 Nfd7 11. h4 Nc6 12. Nf1 a5 13. N1h2 Qc8 14. Bg5 f6 15. exf6 Bxf6 16. Bxf6 Nxf6 17. Bh3 Re8 18. Ng5 Nd8 19. Ng4 Nxg4 20. Qxg4 Ra6 21. Qh5 Qc6 22. Qxh7+ Kf8 23. Bxe6 Rxe6 24. Qh8+ Ke7 25. Qxg7+ Kd6 26. Nxe6 Nxe6 27. Rxe6+ Kxe6 28. Re1+ 1-0


[Site "https://www.chess.com"]

[Event "Titled Tuesday Blitz July 26 Early 2022"]
[White "Coto Mederos, Michel"]
[Black "Srihari L R"]
[WhiteFideId "3508528"]
[BlackFideId "46617116"]
[WhiteElo "2427"]
[BlackElo "2170"]
[Result "0-1"]
[Round "04"]
[TimeControl "180+1"]
[Date "2022.07.27"]
[WhiteClock "0:00:05"]
[BlackClock "0:00:05"]

1. d4 d6 2. c4 e5 3. Nf3 e4 4. Nfd2 f5 5. Nc3 Nf6 6. e3 c6 7. d5 Nbd7 8. Be2 Be7 9. O-O O-O 10. f3 cxd5 11. cxd5 Nc5 12. b4 exf3 13. gxf3 Ncd7 14. Nb3 Kh8 15. Kh1 Ne5 16. Rg1 Qe8 17. Bb2 Qh5 18. Nb5 Qh6 19. Qd2 Bd7 20. Nc7 Rac8 21. Rac1 f4 22. exf4 Ng6 23. f5 Qxd2 24. Nxd2 Bxf5 25. Ne6 Bxe6 26. dxe6 Nf4 27. Bc4 d5 28. Bb3 Nxe6 29. Rce1 Rc6 30. b5 Rb6 31. a4 Bb4 32. Rd1 a6 33. bxa6 Bxd2 34. Rxd2 Rxb3 35. a7 Ra8 36. Re2 Nf8 37. Reg2 Ng6 38. Rc2 Kg8 39. Rgc1 Rxa7 40. Rc8+ Kf7 41. R1c7+ Ne7 42. Bd4 Rxa4 43. Bc5 Ra1+ 44. Kg2 Re1 45. Rd8 Re2+ 46. Kg3 Ne4+ 47. Kf4 Nxc5 48. Rxc5 Rxh2 49. Rc7 Rf2 50. Kg3 Rbxf3+ 51. Kg4 Rf4+ 52. Kg3 R2f3+ 53. Kg2 Re3 54. Rxd5 h6 55. Rb5 Rf6 56. Rbxb7 Re5 57. Kg3 Rg5+ 58. Kh4 Re6 59. Kh3 Kf6 60. Rc1 Nf5 61. Rf1 Re3+ 62. Kh2 Re4 63. Rb3 Rh4+ 64. Rh3 Rxh3+ 65. Kxh3 Kg6 66. Kh2 Rh5+ 67. Kg1 Rh1+ 68. Kxh1 Ng3+ 69. Kg2 Nxf1 70. Kxf1 Kf5 0-1


[Site "https://www.chess.com"]

[Event "Titled Tuesday Blitz July 26 Early 2022"]
[White "Cruz Mendez, Jean Marco"]
[Black "Visakh N R"]
[WhiteFideId "3526402"]
[BlackFideId "25012223"]
[WhiteElo "2064"]
[BlackElo "2448"]
[Result "1-0"]
[Round "04"]
[TimeControl "180+1"]
[Date "2022.07.26"]
[WhiteClock "0:00:11"]
[BlackClock "0:02:13"]

1. e4 c5 2. Nf3 d6 3. d4 cxd4 4. Nxd4 Nf6 5. Nc3 e5 6. Ndb5 a6 7. Na3 b5 8. Nd5 Bb7 9. c4 Nxd5 10. cxd5 Be7 11. g3 O-O 12. Bg2 Nd7 13. O-O b4 14. Nc2 a5 15. Re1 Ba6 16. Ne3 Nc5 17. Nf5 g6 18. Nxe7+ Qxe7 19. h4 Rfc8 20. h5 Nd3 21. Re3 Nxc1 22. Rxc1 Rxc1 23. Qxc1 Rc8 24. Qd2 Qc7 25. Re1 Qc2 26. Qg5 Qxb2 27. h6 Qc3 28. Re3 Qd2 29. Qf6 Qd1+ 30. Bf1 Qxf1+ 31. Kh2 Kf8 32. Rf3 Rc7 33. Qg7+ Ke8 34. Qg8+ Ke7 35. Rxf7# 1-0


[Site "https://www.chess.com"]

[Event "Titled Tuesday Blitz July 26 Early 2022"]
[White "Dimitrov, Atanas"]
[Black "Raja Harshit"]
[WhiteFideId "2901315"]
[BlackFideId "5089000"]
[WhiteElo "2566"]
[BlackElo "2338"]
[Result "0-1"]
[Round "04"]
[TimeControl "180+1"]
[Date "2022.07.26"]
[WhiteClock "0:00:02"]
[BlackClock "0:00:34"]

1. Nf3 c5 2. c4 Nc6 3. Nc3 g6 4. b3 Bg7 5. Bb2 Nf6 6. e3 O-O 7. Be2 d6 8. d4 Bf5 9. O-O Ne4 10. Nxe4 Bxe4 11. Qd2 d5 12. dxc5 dxc4 13. Qxd8 Rfxd8 14. Bxg7 Kxg7 15. Bxc4 Bxf3 16. gxf3 Ne5 17. Be2 Rd2 18. Rfe1 g5 19. f4 gxf4 20. exf4 Ng6 21. Bf3 Rb8 22. Re2 Rxe2 23. Bxe2 Nxf4 24. Bf3 Nd3 25. Rd1 Nxc5 26. b4 Ne6 27. Rd7 Kf6 28. Rxb7 Rxb7 29. Bxb7 Ke5 30. b5 Kd4 31. a4 Nc5 32. Bc6 Nxa4 33. Kg2 Nc3 34. Be8 f6 35. Kf3 Kc5 36. Kf4 Nxb5 37. Bxb5 Kxb5 0-1


[Site "https://www.chess.com"]

[Event "Titled Tuesday Blitz July 26 Early 2022"]
[White "Fecker, Noah"]
[Black "Roman, Rodrigo"]
[WhiteFideId "1334263"]
[BlackFideId "3701220"]
[WhiteElo "2312"]
[BlackElo "2001"]
[Result "1/2-1/2"]
[Round "04"]
[TimeControl "180+1"]
[Date "2022.07.27"]
[WhiteClock "0:00:10"]
[BlackClock "0:00:02"]

1. d4 Nf6 2. Nc3 d5 3. Bf4 c6 4. Qd3 Qb6 5. O-O-O Nbd7 6. f3 e6 7. e4 Nh5 8. Be3 Bb4 9. g4 Nhf6 10. e5 Ng8 11. a3 Be7 12. Qd2 h5 13. Nge2 Qc7 14. gxh5 b5 15. Rg1 Bf8 16. f4 Nh6 17. Ng3 Nb6 18. Kb1 a5 19. f5 b4 20. Na2 bxa3 21. fxe6 Bxe6 22. b3 a4 23. b4 Nc4 24. Bxc4 dxc4 25. Ne4 Nf5 26. h6 gxh6 27. Nf6+ Kd8 28. d5 cxd5 29. Nxd5 Qd7 30. Nb6 Qxd2 31. Rxd2+ Kc7 32. Nxa8+ Kb7 33. Bf2 Kxa8 34. Rd8+ Kb7 35. Nc3 Bg7 36. Rxh8 Bxh8 37. Nxa4 Bxe5 38. Nc5+ Kc6 39. Re1 Bc3 40. Re2 Bd5 41. Be1 Nd4 42. Re8 a2+ 43. Kxa2 Bxe1 44. Rxe1 Nxc2 45. Re8 Nxb4+ 46. Kb2 Kxc5 47. Rh8 Kd4 48. Rxh6 c3+ 49. Kb1 Be4+ 50. Kc1 Nd3+ 51. Kc2 Ne1+ 52. Kb3 c2 53. Kb2 Kd3 54. Rd6+ Ke3 55. h4 Nf3 56. h5 Nd4 57. h6 Nb5 58. Rd8 Nc7 59. Rc8 Ne6 60. Rc4 Bh7 61. Rc6 Nd4 62. Rc7 Ne2 63. Rxc2 Bxc2 64. Kxc2 Nd4+ 65. Kc3 Nb5+ 66. Kb4 Nd6 67. h7 Ne4 68. h8=Q f5 69. Qh3+ Kf4 70. Kc4 Ke5 71. Qh2+ f4 72. Kd3 Ng3 73. Qh8+ Kf5 74. Kd2 Kg4 75. Ke1 Kf3 76. Qa8+ Ne4 77. Kf1 Ke3 78. Qa3+ Kd4 79. Ke2 Nc3+ 80. Kf3 Nd5 81. Qb2+ Kc4 82. Qe2+ Kc5 83. Qe4 Kd6 84. Ke2 Kc5 85. Kd3 Nb4+ 86. Kc3 Nd5+ 87. Kd3 Nb4+ 88. Ke2 Nd5 89. Kf3 Kd6 90. Qe8 Kc5 91. Ke4 Nf6+ 92. Kxf4 Nxe8 1/2-1/2


[Site "https://www.chess.com"]

[Event "Titled Tuesday Blitz July 26 Early 2022"]
[White "Goltsev, Dmitry"]
[Black "Lewtak, Damian"]
[WhiteFideId "24176710"]
[BlackFideId "1141724"]
[WhiteElo "2258"]
[BlackElo "2359"]
[Result "1-0"]
[Round "04"]
[TimeControl "180+1"]
[Date "2022.07.27"]
[WhiteClock "0:01:19"]
[BlackClock "0:00:34"]

1. e4 c5 2. Nf3 d6 3. d4 cxd4 4. Nxd4 Nf6 5. Nc3 Nc6 6. Be2 e5 7. Nb3 Be6 8. O-O d5 9. exd5 Nxd5 10. Nxd5 Bxd5 11. c3 Be7 12. Be3 O-O 13. Qc2 Be6 14. Rad1 Qc7 15. Nc5 Bxc5 16. Bxc5 Rfd8 17. Bf3 Rxd1 18. Rxd1 Rd8 19. h3 f5 20. Rxd8+ Qxd8 21. Qa4 e4 22. Be2 h6 23. Bxa7 Nxa7 24. Qxa7 Qd2 25. Qb6 Qxe2 26. Qxe6+ Kf8 27. Qxf5+ Ke7 28. Qe5+ Kf7 29. Qd5+ Kf6 30. Qxb7 Kf5 31. Qf7+ Ke5 32. Qxg7+ Kd5 33. Qd7+ Ke5 34. Qd4+ Kf5 35. c4 h5 36. c5 Qe1+ 37. Kh2 Qb1 38. c6 Qc2 39. b4 1-0


[Site "https://www.chess.com"]

[Event "Titled Tuesday Blitz July 26 Early 2022"]
[White "Goltseva, Ekaterina"]
[Black "Csonka, Balazs"]
[WhiteFideId "24173770"]
[BlackFideId "742910"]
[WhiteElo "2086"]
[BlackElo "2404"]
[Result "0-1"]
[Round "04"]
[TimeControl "180+1"]
[Date "2022.07.27"]
[WhiteClock "0:00:02"]
[BlackClock "0:00:05"]

1. d4 Nf6 2. c4 g6 3. Nc3 Bg7 4. e4 d6 5. Nge2 c5 6. d5 b5 7. cxb5 a6 8. Ng3 O-O 9. a4 h5 10. Be2 h4 11. Nf1 h3 12. gxh3 axb5 13. Bxb5 Bxh3 14. Rg1 Na6 15. Ra3 Nb4 16. Ng3 Bg4 17. f3 Bd7 18. Kf1 Bxb5+ 19. axb5 Qd7 20. Kg2 e6 21. Bg5 Rab8 22. Qd2 exd5 23. exd5 Rfe8 24. Rd1 Re5 25. h4 Nfxd5 26. Nxd5 Rxd5 27. Qc1 Bxb2 28. Qxb2 Rxd1 29. Ne4 Nd5 30. Bh6 f5 31. Ng5 Rd4 32. Ne6 Qxe6 33. Ra7 Qe5 34. Bg7 Ne3+ 35. Kg1 Qg3+ 36. Kh1 Rd1# 0-1


[Site "https://www.chess.com"]

[Event "Titled Tuesday Blitz July 26 Early 2022"]
[White "Gracia Alvarez, Gerardo Antonio"]
[Black "Rohith Krishna S"]
[WhiteFideId "5109124"]
[BlackFideId "46617051"]
[WhiteElo "2139"]
[BlackElo "2117"]
[Result "1-0"]
[Round "04"]
[TimeControl "180+1"]
[Date "2022.07.27"]
[WhiteClock "0:00:10"]
[BlackClock "0:00:10"]

1. e4 e5 2. Nc3 Nc6 3. Bc4 Nf6 4. d3 Bb4 5. Ne2 O-O 6. O-O Na5 7. Bb3 Nxb3 8. axb3 d6 9. Ng3 a6 10. f4 Bg4 11. Qe1 Re8 12. fxe5 dxe5 13. Kh1 h6 14. Nf5 Bxf5 15. Rxf5 Bxc3 16. bxc3 Nd7 17. Qg3 Re6 18. Be3 a5 19. Raf1 Qe7 20. c4 a4 21. bxa4 Rxa4 22. Qf2 Rf6 23. h3 Ra2 24. Qd2 Rg6 25. Qc3 Rf6 26. c5 Rxf5 27. Rxf5 Qe6 28. Kh2 f6 29. Rf1 Qa6 30. Qb3+ Kh7 31. Qf7 Qa4 32. Bxh6 Kxh6 33. Rf5 g6 34. Rf3 Qxc2 35. Rg3 g5 36. h4 Qe2 37. hxg5+ fxg5 38. Rh3+ 1-0


[Site "https://www.chess.com"]

[Event "Titled Tuesday Blitz July 26 Early 2022"]
[White "Hafiz, Arif Abdul"]
[Black "Garrido, Denis"]
[WhiteFideId "7104227"]
[BlackFideId "601217"]
[WhiteElo "2198"]
[BlackElo "2416"]
[Result "1-0"]
[Round "04"]
[TimeControl "180+1"]
[Date "2022.07.26"]
[WhiteClock "0:01:27"]
[BlackClock "0:01:13"]

1. e4 e5 2. Nc3 Nf6 3. f4 d5 4. fxe5 Nxe4 5. Qf3 Nxc3 6. dxc3 Be7 7. Bf4 O-O 8. O-O-O c6 9. h4 f6 10. exf6 Bxf6 11. Bd3 Nd7 12. Qe3 Re8 13. Qg3 Nf8 14. Nf3 Qd7 15. Bg5 Qg4 16. Qxg4 Bxg4 17. Bxf6 gxf6 18. Rdf1 Nd7 19. Nd4 Re3 20. Rf4 h5 21. Bf5 Ne5 22. Bxg4 Nxg4 23. Nf5 Re2 24. Ng3 Rxg2 25. Nxh5 Re8 26. Rxg4+ 1-0


[Site "https://www.chess.com"]

[Event "Titled Tuesday Blitz July 26 Early 2022"]
[White "Harsh Suresh"]
[Black "Kamsky, Gata"]
[WhiteFideId "45018464"]
[BlackFideId "2000024"]
[WhiteElo "2059"]
[BlackElo "2645"]
[Result "0-1"]
[Round "04"]
[TimeControl "180+1"]
[Date "2022.07.26"]
[WhiteClock "0:00:03"]
[BlackClock "0:00:10"]

1. d4 f5 2. Nf3 Nf6 3. Bg5 Ne4 4. Bf4 g6 5. Nbd2 Bg7 6. e3 d6 7. h4 Nc6 8. h5 e5 9. dxe5 dxe5 10. Nxe4 Qxd1+ 11. Rxd1 exf4 12. Nc3 fxe3 13. fxe3 Bd7 14. Bc4 O-O-O 15. h6 Bf6 16. Kf2 Ne5 17. Nxe5 Bxe5 18. Rd3 c6 19. Rhd1 Kc7 20. a4 Bf6 21. Ne2 Bg5 22. Rh1 Rhe8 23. Nf4 Re4 24. b3 Bxf4 25. exf4 Rxf4+ 26. Kg3 Rg4+ 27. Kf3 Re8 28. Rhd1 Re7 29. g3 c5 30. Bg8 Bc6+ 31. Kf2 f4 32. gxf4 Rg2+ 33. Kf1 Rh2 34. R1d2 Rxh6 35. Bd5 Rh4 36. Bxc6 Kxc6 37. Rd6+ Kc7 38. Rf6 Rh3 39. Kg2 Rc3 40. Kf2 a6 41. a5 c4 42. b4 Rh3 43. Kg2 Rhe3 44. Kf2 c3 45. Rd5 Re2+ 46. Kf3 Rxc2 47. Rc5+ Kd7 48. Rd5+ Ke8 49. Rc5 Rc1 50. Rc8+ Kd7 51. Rff8 c2 52. Rfd8+ Ke6 53. Kg2 Kf5 54. Rd5+ Kg4 55. Rd2 Kxf4 56. Rcxc2 Rxc2 57. Rxc2 Re4 58. Rc7 Rxb4 59. Rxh7 Rb5 60. Rg7 g5 61. Kf2 Rb2+ 62. Ke1 g4 63. Kf1 Kg3 64. Rf7 Rb1+ 65. Ke2 Kh3 66. Rh7+ Kg2 67. Rg7 g3 68. Kd2 Rb5 69. Ke3 Rxa5 70. Rxb7 Rf5 71. Rg7 a5 72. Ke4 Rf2 73. Ke3 Rf6 74. Ra7 Kh2 75. Rxa5 g2 76. Rh5+ Kg1 77. Ke2 Rf2+ 78. Ke1 Rf4 79. Ke2 Rf7 80. Rh6 Re7+ 81. Kf3 Kf1 82. Ra6 g1=Q 83. Ra1+ Re1 84. Ra2 Qe3+ 85. Kg4 Qe6+ 86. Kg5 Qxa2 87. Kh4 Qd5 88. Kg3 Qe4 89. Kh2 Kf2 90. Kh3 Rh1# 0-1


[Site "https://www.chess.com"]

[Event "Titled Tuesday Blitz July 26 Early 2022"]
[White "Iljin, Timofey"]
[Black "Guz, Ari"]
[WhiteFideId "14110180"]
[BlackFideId "2825759"]
[WhiteElo "2404"]
[BlackElo "1913"]
[Result "0-1"]
[Round "04"]
[TimeControl "180+1"]
[Date "2022.07.27"]
[WhiteClock "0:00:08"]
[BlackClock "0:00:18"]

1. e4 c5 2. c3 Nf6 3. e5 Nd5 4. d4 Nc6 5. Nf3 cxd4 6. cxd4 d6 7. Bc4 Nb6 8. Bxf7+ Kxf7 9. e6+ Kg8 10. d5 Ne5 11. Nxe5 dxe5 12. Nc3 Nc4 13. O-O Nd6 14. f4 e4 15. Qe2 Qb6+ 16. Be3 Qa6 17. Qg4 h5 18. Qg6 Rh6 19. Qg5 Bxe6 20. dxe6 Rxe6 21. f5 Rf6 22. Nd5 Nf7 23. Nxf6+ Qxf6 24. Qxf6 exf6 25. Rac1 Bd6 26. Rfd1 Be5 27. b3 Nd6 28. Bd4 Bf4 29. Rc5 Rd8 30. g3 Nxf5 31. gxf4 Nxd4 32. Kf2 e3+ 33. Kxe3 Nf5+ 34. Ke2 Re8+ 35. Kf2 Ne3 36. Rd7 Ng4+ 37. Kg2 Re2+ 38. Kf3 Re3+ 39. Kg2 Re2+ 40. Kf1 Rxh2 41. Rcc7 Ne3+ 42. Ke1 Rg2 43. Rd8+ Kh7 44. Rxb7 h4 45. Rbb8 Kg6 46. Rh8 Nf5 47. Rb7 Rxa2 48. Rg8 h3 49. Rh8 h2 50. Kd1 Ra1+ 51. Kc2 h1=Q 52. Rxh1 Rxh1 53. Rxa7 Rf1 54. Ra4 Kh5 55. Kd3 Kg4 56. Ra7 Rxf4 57. Ke2 g5 58. Ke1 Nd4 59. Ra1 Nxb3 60. Ke2 Nxa1 61. Ke3 f5 62. Ke2 Nc2 63. Kd3 Nb4+ 64. Ke2 Rf3 65. Ke1 Nd3+ 66. Ke2 Kf4 67. Kd2 Ne5 68. Kd1 g4 69. Ke1 g3 70. Ke2 g2 71. Kd2 g1=Q 72. Ke2 Qg2+ 73. Ke1 Rf1# 0-1


[Site "https://www.chess.com"]

[Event "Titled Tuesday Blitz July 26 Early 2022"]
[White "Jaskolka, Tomasz"]
[Black "Rustemov, Alexander"]
[WhiteFideId "1170791"]
[BlackFideId "4119002"]
[WhiteElo "2073"]
[BlackElo "2806"]
[Result "0-1"]
[Round "04"]
[TimeControl "180+1"]
[Date "2022.07.26"]
[WhiteClock "0:00:22"]
[BlackClock "0:00:35"]

1. d4 g6 2. c4 Bg7 3. g3 c5 4. d5 b5 5. cxb5 Qa5+ 6. Qd2 Qxb5 7. Nc3 Qa5 8. Bg2 d6 9. Nf3 Nf6 10. O-O O-O 11. b3 Nbd7 12. Bb2 Ba6 13. Rfe1 Rab8 14. e4 Ng4 15. Na4 Qxd2 16. Nxd2 Nb6 17. Bxg7 Kxg7 18. Nxb6 axb6 19. f4 b5 20. h3 Nf6 21. e5 Nd7 22. exd6 exd6 23. Ne4 Rb6 24. Ng5 h6 25. Re7 hxg5 26. Rxd7 gxf4 27. gxf4 Bc8 28. Rc7 b4 29. Re1 Rb7 30. Ree7 Rxc7 31. Rxc7 Bf5 32. Rc6 Rd8 33. Bf1 Kf6 34. Kf2 Ke7 35. Bb5 Rb8 36. Rc7+ Kd8 37. Rxf7 Rxb5 38. h4 Bb1 39. h5 gxh5 40. Ke3 Bxa2 41. Ke4 Bxb3 42. Rh7 Bc2+ 0-1


[Site "https://www.chess.com"]

[Event "Titled Tuesday Blitz July 26 Early 2022"]
[White "Koellner, Ruben Gideon"]
[Black "Andreikin, Dmitry"]
[WhiteFideId "12993093"]
[BlackFideId "4158814"]
[WhiteElo "2568"]
[BlackElo "2736"]
[Result "0-1"]
[Round "04"]
[TimeControl "180+1"]
[Date "2022.07.26"]
[WhiteClock "0:00:16"]
[BlackClock "0:01:49"]

1. d4 Nf6 2. Bg5 g6 3. Bxf6 exf6 4. g3 d5 5. Bg2 c6 6. e3 Bd6 7. Ne2 f5 8. b3 Nd7 9. c4 Nf6 10. Nbc3 Be6 11. Qd3 Ne4 12. cxd5 cxd5 13. O-O O-O 14. Nf4 Bxf4 15. exf4 Qa5 16. Rac1 Rfc8 17. Na4 Bd7 18. Rfd1 Bxa4 19. bxa4 Qxa4 20. Bxe4 fxe4 21. Qb3 Qxb3 22. axb3 b6 23. Kf1 a5 24. Ke2 Kf8 25. f3 exf3+ 26. Kxf3 Ke7 27. Re1+ Kd6 28. Kg4 h6 29. f5 Rxc1 30. Rxc1 b5 31. h4 a4 32. bxa4 Rxa4 33. Rb1 Rxd4+ 34. Kf3 b4 35. fxg6 fxg6 36. Ra1 b3 37. Ra6+ Kc5 38. Ra5+ Kb4 39. Ra8 b2 40. Rb8+ Kc3 41. Rc8+ Rc4 42. Rb8 Rb4 0-1


[Site "https://www.chess.com"]

[Event "Titled Tuesday Blitz July 26 Early 2022"]
[White "Kozak, Adam"]
[Black "Maksimenko, Viktor"]
[WhiteFideId "753246"]
[BlackFideId "13710478"]
[WhiteElo "2459"]
[BlackElo "2269"]
[Result "1-0"]
[Round "04"]
[TimeControl "180+1"]
[Date "2022.07.26"]
[WhiteClock "0:02:03"]
[BlackClock "0:00:51"]

1. d4 Nf6 2. c4 e6 3. Nc3 Bb4 4. Qb3 c5 5. Nf3 O-O 6. dxc5 Na6 7. Bg5 h6 8. Bh4 g5 9. Bg3 Ne4 10. e3 Bxc3+ 11. bxc3 Naxc5 12. Qb4 b6 13. Be2 Bb7 14. O-O Qe7 15. Rad1 d6 16. Nd2 Nxg3 17. hxg3 Rac8 18. Qb1 Rfd8 19. Bf3 Kg7 20. Rfe1 Qf6 21. Qc2 Bc6 22. Bxc6 Rxc6 23. e4 Nd7 24. Nf3 g4 25. Nd4 Rxc4 26. Nb5 Ne5 27. Rxd6 Rxc3 28. Qxc3 Rxd6 29. Nxd6 Nf3+ 30. Qxf3 1-0


[Site "https://www.chess.com"]

[Event "Titled Tuesday Blitz July 26 Early 2022"]
[White "Kravtsiv, Martyn"]
[Black "Zierk, Steven"]
[WhiteFideId "14113147"]
[BlackFideId "2034255"]
[WhiteElo "2694"]
[BlackElo "2494"]
[Result "1-0"]
[Round "04"]
[TimeControl "180+1"]
[Date "2022.07.26"]
[WhiteClock "0:00:15"]
[BlackClock "0:00:06"]

1. e4 c6 2. Nf3 d5 3. d3 dxe4 4. dxe4 Qxd1+ 5. Kxd1 Nf6 6. Nbd2 h5 7. a4 a5 8. Ne1 e5 9. Nd3 Nbd7 10. f3 Bd6 11. Nc4 Bc7 12. Bd2 O-O 13. Be2 b6 14. Bc3 Re8 15. Ke1 Ba6 16. Ne3 g6 17. Kf2 Nh7 18. Rhd1 Nhf8 19. Nc1 Bb7 20. Nc4 Re6 21. Nb3 f6 22. Rd2 Kg7 23. Rad1 Re7 24. Nd6 Ba6 25. Bxa6 Rxa6 26. Ne8+ Kf7 27. Nxc7 Ra7 28. Nd5 cxd5 29. Rxd5 Ne6 30. Rd6 Rc7 31. g3 Ke8 32. Ke3 Nd8 33. Nd2 Nb7 34. Rd5 Nbc5 35. Ra1 Rc6 36. Ra3 Nf8 37. Nc4 Nxe4 38. Nxa5 Nxc3 39. Rd8+ Kxd8 40. Nxc6+ Kd7 41. Nxe7 Nd1+ 42. Ke2 Nxb2 43. Nd5 Kd6 44. Nxb6 Ne6 45. a5 Nd4+ 46. Kf2 Nxc2 47. Rb3 Nd1+ 48. Kg1 Nd4 49. a6 Nxb3 50. a7 Nd4 51. a8=Q Ne3 52. Qe4 Nef5 53. Nc4+ Kc5 54. Ne3 Ne7 55. Kg2 g5 56. h4 gxh4 57. Qxh4 1-0


[Site "https://www.chess.com"]

[Event "Titled Tuesday Blitz July 26 Early 2022"]
[White "Kubicka, Anna"]
[Black "Melaugh, Shane"]
[WhiteFideId "1152254"]
[BlackFideId "2509580"]
[WhiteElo "2025"]
[BlackElo "1938"]
[Result "0-1"]
[Round "04"]
[TimeControl "180+1"]
[Date "2022.07.27"]
[WhiteClock "0:00:01"]
[BlackClock "0:00:24"]

1. e4 e6 2. d4 d5 3. Nd2 dxe4 4. Nxe4 Nf6 5. Bd3 Nbd7 6. Nf3 Be7 7. O-O b6 8. Bf4 Bb7 9. Ng3 c5 10. Re1 O-O 11. c3 cxd4 12. Nxd4 Nc5 13. Bc2 Nd5 14. Bd2 Bg5 15. Qh5 h6 16. Bxg5 Qxg5 17. Qxg5 hxg5 18. Rad1 Rad8 19. Ne4 g4 20. g3 Nf6 21. Nxc5 bxc5 22. Nb5 Bf3 23. Rd6 Rxd6 24. Nxd6 Rd8 25. Nc4 Bd5 26. Rd1 Rb8 27. Ne3 Rxb2 28. c4 Be4 29. Rd8+ Kh7 30. Bxe4+ Nxe4 31. Nxg4 Rxa2 32. f3 Ng5 33. Ne5 f6 34. Nd7 Nxf3+ 35. Kf1 Nxh2+ 36. Ke1 Nf3+ 37. Kd1 Nd4 38. Nxc5 Nf5 39. Nxe6 Nxg3 40. Rd7 Nf5 41. c5 Ra6 42. Nf8+ Kg8 43. Ng6 Rc6 44. Rd5 Kf7 45. Rxf5 Kxg6 46. Rd5 Kf7 47. Kd2 Ke6 48. Rh5 g6 49. Rh6 g5 50. Rh7 a6 51. Ra7 Rxc5 52. Rxa6+ Kf5 53. Ke3 Re5+ 54. Kf3 Rb5 55. Ra3 g4+ 56. Kg3 Kg5 57. Ra8 Rb3+ 58. Kg2 Kf4 59. Ra4+ Kg5 60. Ra8 f5 61. Ra7 Rb2+ 62. Kg1 Kh4 63. Ra8 f4 64. Ra4 Kg3 65. Kf1 Rb1+ 66. Ke2 f3+ 67. Ke3 f2 0-1


[Site "https://www.chess.com"]

[Event "Titled Tuesday Blitz July 26 Early 2022"]
[White "Kupervaser, Erez"]
[Black "Hansen, Eric"]
[WhiteFideId "2814587"]
[BlackFideId "2606771"]
[WhiteElo "1832"]
[BlackElo "2568"]
[Result "0-1"]
[Round "04"]
[TimeControl "180+1"]
[Date "2022.07.26"]
[WhiteClock "0:00:02"]
[BlackClock "0:00:06"]

1. e4 c5 2. Nf3 e6 3. d4 cxd4 4. Nxd4 a6 5. Nc3 Qc7 6. g4 b5 7. h4 Bb7 8. Bg2 b4 9. Nce2 Nf6 10. Ng3 d5 11. Qe2 Bd6 12. g5 Nxe4 13. Nxe4 dxe4 14. Bxe4 O-O 15. g6 Nd7 16. gxf7+ Rxf7 17. Nxe6 Qc8 18. Bg5 Ne5 19. Bxb7 Qxb7 20. O-O-O Qb6 21. f4 Ng6 22. Qe4 Re8 23. f5 Nf8 24. Be3 Qb8 25. Kb1 Be7 26. Bf4 Qc8 27. Rhg1 Bf6 28. Qxb4 Nxe6 29. fxe6 Rb7 30. Qa4 Rxb2+ 31. Kc1 Rb5 32. Rd3 Rxe6 33. Rgd1 h5 34. Bg5 Reb6 35. Bxf6 Rb1+ 36. Kd2 Rxd1+ 37. Kxd1 Rxf6 38. Qe4 Qf8 0-1


[Site "https://www.chess.com"]